[Event "Championnat d'Europe Rapide"]
[Date "2024.12.08"]
[White "Grigoriants, Sergey"]
[Black "Tudor, Henry Edward"]
[WhiteElo "2542"]
[BlackElo "2375"]
[Round "8.14"]
[Result "1-0"]
[TimeControl "900+10"]

1. d4 Nf6 2.
c4 e6 3. Nc3 Bb4 4. e3 O-O 5. Bd3 d5 6. a3 Bxc3+ 7.
bxc3 dxc4 8.
Bxc4 c5 9.
Ne2 Qc7 10.
Ba2 Nc6 11.
O-O b6 12.
Ng3 Rd8 13.
Re1 Na5 14.
e4 cxd4 15.
cxd4 Qc3 16.
Be3 Bb7 17.
d5 Qxa3 18.
Bg5 Qf8 19.
Qf3 exd5 20.
exd5 Rxd5 21. Bxf6 Rd6 22. Be7 Bxf3 23. Bxf8 Kxf8 24. gxf3 Rad8 25. Ne4 R6d7 26.
Rac1 h6 27.
Kg2 g6 28.
f4 Kg7 29.
Re3 Re7 30.
f5 gxf5 31.
Nd6 Rxe3 32.
Nxf5+ Kf6 33. Nxe3 Rd7 34. Kf3 h5 35. h4 Nb7 36. Rc6+ Ke5 37. Rh6 Nc5 38. Rxh5+ Kf6 39. Rh6+ Kg7 40. Nf5+ Kg8 41. Rd6 b5 42. Rg6+ Kh8 43. Rh6+ Kg8 44. Ke3 b4 45. Rc6 Rd3+ 46. Ke2 Rc3 47. Rc8+ Kh7 48. Bxf7 Nd3 49. Rxc3 Nf4+ 50. Kd2 bxc3+ 51. Kxc3 Nh3 52. f3 Ng1 53. Nd4 a5 54. Be6 Kg6 55. Bg4 1-0

[Site "Europe Echecs"]

[Event "Championnat d'Europe Rapide"]
[Date "2024.12.08"]
[White "Navara, David"]
[Black "Papasimakopoulos, Alexandros"]
[WhiteElo "2665"]
[BlackElo "2379"]
[Round "8.15"]
[Result "1/2-1/2"]
[TimeControl "900+10"]

1. e4 e6 2. d4 d5 3. Nd2 Nf6 4. e5 Nfd7 5. c3 c5 6. Bd3 b5 7. Bxb5 Qb6 8. Qa4 a6 9. Be2 cxd4 10. cxd4 a5 11. Ndf3 Bb4+ 12. Kf1 O-O 13. g3 Ba6 14. Kg2 Rc8 15. Be3 Bf8 16. Rb1 Nc6 17. Bxa6 Qxa6 18. Nh3 Nb6 19. Qd1 a4 20. Nfg5 h6 21. Nxf7 Kxf7 22. Qh5+ Kg8 23. Qg6 Qb7 24. Qxe6+ Qf7 25. Qg4 h5 26. Qe2 Ne7 27. Nf4 g6 28. Rhc1 Nc4 29. b3 axb3 30. axb3 Nxe3+ 31. fxe3 Qf5 32. Qd3 Ra2+ 33. Kg1 Rxc1+ 34. Rxc1 Qxd3 35. Nxd3 Bh6 36. Nf4 Bxf4 37. exf4 Rb2 38. Rc7 Nf5 39. Rd7 Rb1+ 40. Kf2 Rb2+ 41. Kg1 Nxd4 42. Rxd5 Nf3+ 43. Kf1 Nxh2+ 44. Ke1 Rxb3 45. f5 gxf5 46. e6 Re3+ 47. Kd1 Rxe6 48.
Rxf5 Rh6 49.
Ke2 Ng4 50.
Kf3 Rf6 51.
Ke4 Rxf5 52.
Kxf5 Kg7 53.
Kg5 Nf6 54.
Kf5 Kf7 55.
Kg5 Ke7 56.
Kg6 Ke6 57.
Kg5 Kf7 58.
Kh6 Ke6 59.
Kg5 Ke5 60.
Kg6 Ke6 61.
Kg5 Ke7 62.
Kg6 Ke6 63.
Kg5 Ke5 64.
Kg6 Nh7 1/2-1/2

[Site "Europe Echecs"]

[Event "Championnat d'Europe Rapide"]
[Date "2024.12.08"]
[White "Costachi, Mihnea"]
[Black "Santos Latasa, Jaime"]
[WhiteElo "2464"]
[BlackElo "2628"]
[Round "8.16"]
[Result "1/2-1/2"]
[TimeControl "900+10"]

1. d4 e6 2. c4 d5 3. Nc3 Nf6 4. cxd5 exd5 5. Bg5 Be7 6. Qc2 h6 7. Bh4 O-O 8. e3 c6 9. Bd3 Re8 10. Nf3 Ne4 11. Bxe4 Bxh4 12. Bh7+ Kf8 13. g3 Be7 14. Bf5 Nd7 15.
O-O-O a5 16.
g4 Bd6 17.
g5 hxg5 18.
Rdg1 Be7 19.
h4 gxh4 20.
Rg4 Bf6 21.
Nxh4 Nb6 22.
Nf3 Bxf5 23.
Qxf5 Qd7 24.
Qf4 Ke7 25.
Ne5 Qe6 26.
Qg3 Rh8 27.
Re1 Rae8 28.
f4 Kd8 29.
Kb1 Kc8 30.
e4 dxe4 31.
Nxe4 Nd5 32.
Nxf7 Nb4 33.
Ned6+ Kd7 34. Rxe6 Rh1+ 35. Qg1 Rxg1+ 36. Rxg1 Rxe6 37. Nxb7 Bxd4 38. Rd1 Kc7 39. a3 Nd5 40. Nxa5 Bf6 41. f5 Re2 42. Nc4 Nb6 43. Nfd6 Na4 44. Rg1 Bxb2 45. Ne8+ Kd7 46. Nxb2 Rxb2+ 47. Kc1 Kxe8 48. Rg4 Rf2 49. Rxa4 Rxf5 50. Ra7 g5 51. Kd2 Rf7 52. Ra8+ Ke7 53. Rg8 Rf5 54. Rg6 Kd7 55. Kc3 Kc7 56. Kb4 Kb6 57. a4 Rd5 58. Kc4 Ra5 59. Kb4 Rf5 60. Kc4 Rf4+ 61. Kb3 g4 62. a5+ Kb5 63. a6 Rb4+ 64. Kc3 Rc4+ 65. Kb3 Rb4+ 66. Kc3 Ra4 67. a7 Ra3+ 68. Kb2 Rxa7 69. Rxg4 c5 70. Kb3 Rf7 71. Rh4 Rf3+ 72. Kc2 Re3 73. Rg4 Kc6 74. Kd2 Re5 75. Kd3 Kd5 76. Rg8 c4+ 77. Kd2 Kc5 78. Rc8+ Kb4 79. Rb8+ Rb5 80. Rxb5+ Kxb5 81. Kc3 Kc5 82. Kc2 Kb4 83. Kb2 c3+ 84. Kc2 Kc4 85. Kc1 Kb3 86. Kb1 c2+ 87. Kc1 Kc3 1/2-1/2

[Site "Europe Echecs"]

[Event "Championnat d'Europe Rapide"]
[Date "2024.12.08"]
[White "Koelle, Tobias"]
[Black "Motylev, Alexander"]
[WhiteElo "2437"]
[BlackElo "2596"]
[Round "8.17"]
[Result "1/2-1/2"]
[TimeControl "900+10"]

1. d4 d5 2. c4 c6 3. Nf3 Nf6 4. Nc3 e6 5. Bg5 Nbd7 6. e3 Be7 7. Qc2 O-O 8. Rd1 h6 9. cxd5 exd5 10. Bf4 Re8 11. g4 Nf8 12. g5 Nh5 13. gxh6 Nxf4 14. exf4 Bg5+ 15. Be2 Bxh6 16. h4 Bxf4 17. Kf1 Qf6 18. Ng5 Bxg5 19.
hxg5 Qxg5 20. Qd3 Ng6 21. Rh5 Qf4 22. Qg3 Bd7 23. Kg2 Qxg3+ 24. Kxg3 f6 25. Bd3 Kf7 26. Rdh1 Re7 27. Ne2 Rae8 28. Kf3 Rxe2 29. Bxe2 Bg4+ 30. Kxg4 Rxe2 31. f4 Re4 32. Rf1 Rxd4 33. Kg3 Rd3+ 34. Rf3 Rd1 35. Ra3 a6 36. Rb3 b5 37. Ra3 Rg1+ 38. Kf2 Rb1 39. Rxa6 Nxf4 40. Rh8 Rxb2+ 41. Ke3 g5 42.
Rxc6 Rxa2 43. Rh6 Ne6 44. Rb6 Kg7 45. Rh1 Nf4 46. Rc1 Ra3+ 47. Kd2 Ra7 48. Rcc6 Rf7 49. Rxb5 Kg6 50. Rbb6 Kf5 51. Ke3 Ke5 52. Rc8 Re7 53. Kf3 Kf5 54. Rg8 Ng6 55. Rd6 Ke5 56. Ra6 Nf4 57. Kg4 Ne6 58. Ra1 Nc5 59. Rd8 f5+ 60. Kh5 Ne4 61. Ra5 Kf4 62. Kg6 Re6+ 63. Kf7 Rf6+ 64. Ke7 Rh6 65. Rdxd5 Ng3 66. Ra4+ Kf3 67. Rd3+ Kg2 68. Rd5 g4 69. Kf7 Rb6 70. Rxf5 Nxf5 71.
Rxg4+ Kf3 72. Rg1 Ne3 73. Re1 Ng4 74. Rf1+ Ke4 75. Re1+ Kf5 76. Rf1+ Kg5 77. Rg1 Rf6+ 78. Ke7 Rh6 79. Kf7 Rh2 80. Ke6 Rd2 81. Rg3 Kf4 82. Rg1 Ne3 83. Ra1 Rd4 84. Rb1 Ke4 85. Re1 Rd3 86. Ra1 Rd4 87. Re1 Ra4 88. Re2 Ra6+ 89. Kd7 Kd4 90. Re1 Nf5 91. Rd1+ Kc5 92. Rc1+ Kd5 93. Rd1+ Nd4 94. Ke7 Rh6 95. Kf7 Rh2 96. Ke7 Ke5 97. Re1+ Ne2 98.
Kd7 Kd5 99.
Rd1+ Nd4 100. Ke7 Rh6 101. Kf7 Rb6 102. Ke7 Re6+ 103. Kf7 Re3 104. Kf6 Rf3+ 105. Ke7 Rf2 106. Rd3 Ke5 107. Re3+ Kd5 108. Rd3 Rf1 109. Rd2 Ke5 110. Ra2 Nc6+ 111. Kd7 Rc1 112. Re2+ Kd5 113. Rd2+ Nd4 114. Ke7 Ke5 115. Kd7 Rb1 116. Kc7 Ne6+ 117. Kd7 Nd4 118. Kc7 Kd5 119. Rd3 Rh1 120. Rg3 Ne6+ 121. Kd7 Rh7+ 122. Ke8 Ng7+ 123. Kf8 Nf5 124. Rg1 Ke5 125. Ra1 Ke6 126. Ra6+ Nd6 127. Kg8 Rd7 128. Ra1 Kf6 129.
Rf1+ Nf5 130. Rf2 Rd1 131. Rf4 Rd8+ 132. Kh7 Rd7+ 133. Kg8 Rd1 134. Rf2 Re1 135. Kf8 Ke6 136. Ke8 Re3 137. Kd8 Rc3 138. Re2+ Ne3 139. Ra2 Nd5 140. Re2+ Kd6 141. Rd2 Rh3 142. Ke8 Rh7 143. Rd1 Ra7 144. Kf8 Ke5 145. Re1+ Kf5 146. Rf1+ Nf4 147. Ke8 1/2-1/2

[Site "Europe Echecs"]

[Event "Championnat d'Europe Rapide"]
[Date "2024.12.08"]
[White "Fressinet, Laurent"]
[Black "Domingo Nunez, Ruben"]
[WhiteElo "2588"]
[BlackElo "2409"]
[Round "8.18"]
[Result "0-1"]
[TimeControl "900+10"]

1. d4 g6 2.
g3 Bg7 3.
Bg2 d6 4.
Nf3 Nf6 5.
O-O O-O 6.
Nc3 Nc6 7.
d5 Nb8 8. Nd4 Bd7 9. a4 c5 10. dxc6 Nxc6 11. Nb3 Qc8 12. e4 Bh3 13. Qe2 Rd8 14. Rd1 Bxg2 15. Kxg2 Qe6 16. a5 Rac8 17. Ra4 h5 18. h3 Nd7 19. Nd5 Nc5 20. Nf4 Qe5 21. Nxc5 dxc5 22.
Rxd8+ Rxd8 23. c3 h4 24. g4 Qd6 25. Nd5 e6 26. Ne3 Qf4 27. Bd2 Bh6 28. Be1 Ne5 29. Nc4 Nd3 30. Ra1 Qc7 31. Qf3 Nf4+ 32. Kf1 Rd3 33. Ne3 Qc6 34. Kg1 Qb5 35. b4 cxb4 36. cxb4 Rd4 37. Rd1 Ne2+ 38. Kf1 Nf4+ 39. Kg1 Ne2+ 40. Kf1 Nc3+ 41. Kg2 Nxd1 42. Nxd1 Qd3 43. Nc3 Qxf3+ 44.
Kxf3 Rd3+ 45. Kg2 Bg7 46. Ne2 Rd1 47. Kf1 Rb1 48. f3 Bf8 0-1

[Site "Europe Echecs"]

[Event "Championnat d'Europe Rapide"]
[Date "2024.12.08"]
[White "Pancevski, Filip"]
[Black "Lagarde, Maxime"]
[WhiteElo "2420"]
[BlackElo "2600"]
[Round "8.19"]
[Result "0-1"]
[TimeControl "900+10"]

1. e4 e6 2.
d4 d5 3. Nc3 Bb4 4. exd5 exd5 5. Bd3 Nc6 6. Nge2 Nge7 7. a3 Ba5 8. Bf4 Bg4 9. f3 Bh5 10. h4 f6 11. Qd2 a6 12. g4 Bf7 13. h5 Qd7 14. Be3 b5 15. Nf4 Bb6 16. Nce2 Na5 17. b3 Nb7 18. a4 O-O 19. Kf2 Nd6 20. Qc3 Rae8 21. Qd2 f5 22. g5 Ne4+ 23. Bxe4 fxe4 24. a5 exf3 25. Ng3 Ba7 26. Qd3 Be6 27. Nxe6 Qxe6 28.
Rae1 Qd6 29.
Bd2 c5 30.
c3 c4 31. bxc4 bxc4 32. Qe3 Bb8 33. Qe5 Qd7 0-1

[Site "Europe Echecs"]

[Event "Championnat d'Europe Rapide"]
[Date "2024.12.08"]
[White "Stanojoski, Zvonko"]
[Black "Kuzubov, Yuriy"]
[WhiteElo "2401"]
[BlackElo "2595"]
[Round "8.20"]
[Result "1/2-1/2"]
[TimeControl "900+10"]

1. e4 e6 2.
d4 d5 3.
exd5 exd5 4.
Nf3 Bd6 5.
Bd3 Ne7 6.
O-O Bg4 7.
Re1 Nd7 8.
Nbd2 h6 9.
Nf1 O-O 10.
Ng3 Bxg3 11.
hxg3 Ng6 12.
c3 Qf6 13.
Re3 Rfe8 14.
Qe2 Rxe3 15.
Qxe3 Bf5 16.
Bd2 Bxd3 17.
Qxd3 Qb6 18.
b3 Nf6 19.
c4 c6 20. c5 Qc7 21. b4 Ne4 22. a4 Re8 23. b5 Nf8 24. bxc6 bxc6 25. Bf4 Qc8 26. Rb1 g5 27. Bb8 Qf5 28. Rb2 Nd7 29. Bxa7 Ra8 30. Qa6 g4 31. Ne1 Qf6 32. Qb7 Rd8 33. Qb4 Nf8 34. Nd3 Ne6 35. Ne5 Re8 36. a5 Qg5 37. Rb1 Qf5 38. Rf1 h5 39. Nxc6 h4 40. gxh4 Nf4 41. Qb2 g3 42. Ne5 gxf2+ 43.
Rxf2 Nxf2 44. Qxf2 f6 45. Qg3+ Kh7 46. Qg4 Rxe5 47. Qxf5+ Rxf5 48. g4 Ne2+ 49. Kg2 Rf4 50. c6 Nc3 51. Kg3 Rf1 52. c7 Rc1 53. Bc5 Ne4+ 54. Kg2 Rc2+ 55. Kf1 Ng3+ 56. Kg1 Ne2+ 57. Kf1 Ng3+ 58. Kg1 Ne2+ 59. Kf1 Ng3+ 60. Kg1 Ne2+ 1/2-1/2

[Site "Europe Echecs"]

[Event "Championnat d'Europe Rapide"]
[Date "2024.12.08"]
[White "Fridman, Daniel"]
[Black "Tsolakidou, Stavroula"]
[WhiteElo "2571"]
[BlackElo "2451"]
[Round "8.21"]
[Result "1-0"]
[TimeControl "900+10"]

1. Nf3 Nf6 2. c4 g6 3.
d4 Bg7 4. g3 O-O 5. Bg2 d6 6. Nc3 Nbd7 7. O-O e5 8. e4 exd4 9. Nxd4 Re8 10. Re1 Nc5 11. h3 h6 12. Nb3 Ne6 13. f4 a5 14. a4 Nd7 15. Be3 Ndc5 16.
Nxc5 Nxc5 17. e5 Ra6 18. Bxc5 dxc5 19. Qxd8 Rxd8 20. Rad1 Rf8 21. Nd5 c6 22. Ne7+ Kh8 23. Nxc8 Rxc8 24. Rd7 Rb6 25. Rxf7 Rxb2 26. Rd1 Rf8 27. Rxf8+ Bxf8 28. Bf1 Kg8 29. Rd7 Ra2 30. Rxb7 Bg7 31. Bd3 g5 32. Kf1 Rxa4 33. e6 Ra1+ 34. Ke2 Bc3 35. Bh7+ Kh8 36. e7 Re1+ 37. Kf2 a4 38. f5 a3 39. f6 a2 40. f7 Rf1+ 41. Kxf1 a1=Q+ 42. Bb1 1-0

[Site "Europe Echecs"]

[Event "Championnat d'Europe Rapide"]
[Date "2024.12.08"]
[White "Saric, Ante"]
[Black "Hamitevici, Vladimir"]
[WhiteElo "2482"]
[BlackElo "2423"]
[Round "8.22"]
[Result "1-0"]
[TimeControl "900+10"]

1. Nf3 c5 2.
b3 Nc6 3.
Bb2 d5 4. e3 f6 5. d4 Bg4 6. Be2 e6 7. O-O Bd6 8. h3 Bh5 9. c4 Nge7 10.
cxd5 Nxd5 11. Nbd2 cxd4 12. Nxd4 Bxe2 13. Qxe2 Nxd4 14. Bxd4 O-O 15. Rfd1 Qe7 16. Nc4 Bb4 17. Rac1 b5 18. a3 Bxa3 19. Nxa3 Qxa3 20. Bc5 Qxb3 21. Bxf8 Rxf8 22. Rd3 Qa4 23. Rd4 Qa6 24. e4 Nf4 25. Qd2 g5 26. Rc7 Qa1+ 27. Kh2 Qf1 28. f3 Ne2 29. Qd1 Qxd1 30. Rxd1 Rf7 31. Rxf7 Kxf7 32. Rd7+ Kg6 33.
Rxa7 Nd4 34.
Rb7 h5 35.
h4 gxh4 36.
Kh3 Kg5 37. Rb6 Kf4 38. Kxh4 f5 39. exf5 exf5 40. Kxh5 Kg3 41. Rg6+ Kf4 42. Rd6 Ke5 43. Rb6 Kd5 44. g4 fxg4 45. fxg4 Kc5 46. Rf6 b4 47. g5 b3 48. g6 Nc6 49. g7 Ne7 50. Rf7 b2 51. Rxe7 b1=Q 52. g8=Q Qh1 53. Kg6 Qg2+ 54. Kf7 Qf3+ 55. Kg7 Qg3+ 56. Kf8 Qb8+ 57. Re8 Qd6+ 58. Re7 Qb8+ 59. Kg7 Qg3+ 60. Kh8 Qh4+ 61. Qh7 Kd5 1-0

[Site "Europe Echecs"]

[Event "Championnat d'Europe Rapide"]
[Date "2024.12.08"]
[White "Narva, Mai"]
[Black "Gavrilescu, David"]
[WhiteElo "2413"]
[BlackElo "2549"]
[Round "8.23"]
[Result "0-1"]
[TimeControl "900+10"]

1. e4 c5 2.
Nf3 a6 3. g3 Nc6 4. Bg2 Nf6 5. e5 Ng4 6. c3 d6 7. exd6 e5 8. d4 cxd4 9. cxd4 e4 10. Ne5 Ncxe5 11.
dxe5 Nxe5 12. O-O Bxd6 13. Nc3 f5 14. Qb3 Qe7 15. Rd1 Be6 16. Nd5 Qf7 17. Qb6 Nc4 18. Qd4 Rc8 19. Bf4 Bc5 20. Qc3 Bxd5 21. b3 Nb6 22. Qe5+ Be6 23. Rac1 Be7 24. Rc7 Qf6 25. Rxc8+ Nxc8 26. Qc7 O-O 27. Qxb7 Bf7 28. Bf1 a5 29. Qb5 Bb4 30. Bc7 Qe7 31. Bxa5 Bxa5 32. Qxa5 e3 33. Qe1 Bh5 34. Bc4+ Kh8 35. Rd3 exf2+ 36. Qxf2 Nd6 37. Bd5 Ne4 38. Qd4 Qg5 39. Qe3 Qf6 40. Rd4 h6 41. a4 Rd8 42. a5 Bf7 43. Qd3 Bxd5 44. Rxd5 Qa1+ 45. Kg2 Qb2+ 46. Kg1 Qf2+ 47. Kh1 Rxd5 0-1

[Site "Europe Echecs"]

[Event "Championnat d'Europe Rapide"]
[Date "2024.12.08"]
[White "Diermair, Andreas"]
[Black "Cvitan, Ognjen"]
[WhiteElo "2433"]
[BlackElo "2413"]
[Round "8.24"]
[Result "0-1"]
[TimeControl "900+10"]

1. d4 Nf6 2. Nf3 d5 3. g3 e6 4. Bg2 Be7 5. c4 O-O 6. Nc3 c6 7. O-O a5 8. Nd2 b5 9. cxb5 cxb5 10. Nxb5 Qb6 11. a4 Nc6 12. e4 Ba6 13. exd5 exd5 14. Nf3 Bxb5 15.
axb5 Qxb5 16. Ne5 Bd6 17. Re1 Rfe8 18. Bf4 Bb4 19. Re3 h6 20. g4 Qb6 21. g5 hxg5 22. Bxg5 Nxe5 23. dxe5 Ne4 24.
Bxe4 dxe4 25. Qh5 Rxe5 26. Rh3 f6 27. Qh8+ Kf7 28. Qxa8 Rxg5+ 29. Rg3 Rxg3+ 30.
hxg3 e3 31. Qd5+ Kf8 32. Kg2 e2 33. Rh1 e1=Q 34. Rh8+ 0-1

[Site "Europe Echecs"]

[Event "Championnat d'Europe Rapide"]
[Date "2024.12.08"]
[White "Danov, Lyubomir"]
[Black "Kozul, Zdenko"]
[WhiteElo "2297"]
[BlackElo "2519"]
[Round "8.25"]
[Result "1-0"]
[TimeControl "900+10"]

1. b3 d5 2.
Bb2 Nf6 3.
Nf3 g6 4. c4 Bg7 5. cxd5 O-O 6. g3 Qxd5 7. Bg2 Rd8 8. O-O Qh5 9. d3 Bh3 10. Nbd2 Nbd7 11. Rc1 c6 12. Nc4 Bh6 13. Rc2 Nd5 14. a3 a5 15. Qe1 Nf4 16. Bxh3 Nxh3+ 17.
Kg2 g5 18.
Ng1 g4 19.
f4 Qd5+ 20.
e4 Qxd3 21.
Rc3 Qd4 22. Rc2 Qc5 23. Nxh3 gxh3+ 24. Kxh3 Qb5 25. Qc3 f6 26. a4 Qh5+ 27. Kg2 b6 28. e5 Bg7 29. Qe3 fxe5 30. Nxe5 Nxe5 31. Bxe5 Bxe5 32. fxe5 c5 33. Rcf2 Qg6 34. Rf5 Qc6+ 35. Kg1 Qe6 36. Qg5+ Kh8 37. Rf7 Re8 38. Qg7# 1-0

[Site "Europe Echecs"]

[Event "Championnat d'Europe Rapide"]
[Date "2024.12.08"]
[White "Nikolovski, Nikola"]
[Black "Livaic, Leon"]
[WhiteElo "2407"]
[BlackElo "2560"]
[Round "8.26"]
[Result "0-1"]
[TimeControl "900+10"]

1. f4 d6 2.
Nf3 Nf6 3.
Nc3 d5 4. e3 g6 5. Be2 Bg7 6. O-O O-O 7. d3 b6 8. Qe1 Bb7 9. Qh4 e6 10. Qh3 Nc6 11. Nd1 Qe7 12. Nf2 e5 13. f5 e4 14. dxe4 dxe4 15. Nd4 Ne5 16. Bd2 c5 17. Nb5 Rad8 18.
Rad1 Bc8 19.
g4 h6 20. a4 a6 21. Na3 Bb7 22. Bc3 Nf3+ 23. Kh1 Nd5 24. Bxg7 Kxg7 25.
Bxf3 exf3 26. e4 Nf6 27. Rde1 Qe5 28. Nc4 Qf4 29. g5 hxg5 30. e5 Rh8 31. exf6+ Kg8 32. Qxh8+ Kxh8 33. Ne5 Kg8 34. fxg6 fxg6 35. f7+ Kg7 36.
Rg1 Rh8 37.
Neg4 Qxf7 38. Re5 Bc8 39. Rxg5 Bf5 40. Ne5 Qe6 41. Nxf3 Bxc2 42. Re1 Qc6 43. Rg3 Rf8 44. Kg2 Bb3 45. Re7+ Rf7 46. Re3 Bd5 47. Nd3 Qxa4 48. Nde5 Bxf3+ 49. Nxf3 Qc2+ 50. Kh3 Qf5+ 51. Kg2 Qc2+ 52. Kh3 Qxb2 53. Re6 Qb1 54. Kg2 Qa2+ 0-1

[Site "Europe Echecs"]

[Event "Championnat d'Europe Rapide"]
[Date "2024.12.08"]
[White "Kazakouski, Valery"]
[Black "Gatineau, Yovann"]
[WhiteElo "2567"]
[BlackElo "2363"]
[Round "8.27"]
[Result "1-0"]
[TimeControl "900+10"]

1. Nf3 d5 2.
e3 Nf6 3. c4 e6 4. Nc3 Bd6 5. b3 O-O 6. Bb2 Re8 7. Qc2 c5 8. cxd5 exd5 9. Bb5 Bd7 10. Bxd7 Nbxd7 11. d4 Rc8 12. O-O cxd4 13.
Nxd4 Ne4 14.
Rac1 Nxc3 15. Bxc3 Ba3 16. Rcd1 Bb4 17. Ne2 Qc7 18. Qf5 Bxc3 19. Nxc3 Re5 20. Qh3 Qxc3 21. Qxd7 Qc6 22. Qg4 Re4 23. Qf5 g6 24. Qxd5 Qxd5 25. Rxd5 Rc2 26. Rd7 Rb4 27. Ra1 a5 28. g3 h5 29. Kg2 Kg7 30. h3 b5 31. Rb7 a4 32. bxa4 Rxa4 33. a3 Rd2 34. Rc1 Rc4 35. Rxc4 bxc4 36. Rc7 Ra2 37. Rxc4 Rxa3 38. Kf3 Ra2 39. Rd4 Rb2 40. e4 Ra2 41. Ke3 Kf6 42. Rd2 Ra3+ 43. Rd3 Ra2 44. Rb3 Rc2 45. Rb6+ Ke7 46. h4 Ra2 47. f3 Rg2 48. Kf4 Rf2 49. Rb7+ Ke6 50. Rb6+ Ke7 51. Rb3 Kf6 52. Ra3 Rf1 53. Ra6+ Ke7 54. Ra5 Ke6 55. Ke3 Rg1 56. Kf2 Rh1 57. f4 Rb1 58. f5+ Kf6 59. Ra6+ Ke5 60. fxg6 fxg6 61. Rxg6 Rb2+ 62. Kf3 Rb3+ 63. Kg2 Kxe4 64. Rg5 Rb2+ 65. Kh3 Rb8 66. Rxh5 Rg8 67. Ra5 Kf3 68. Rf5+ Ke4 69. Rf1 Kd5 1-0

[Site "Europe Echecs"]

[Event "Championnat d'Europe Rapide"]
[Date "2024.12.08"]
[White "Mohr, Georg"]
[Black "Alonso Rosell, Alvar"]
[WhiteElo "2385"]
[BlackElo "2532"]
[Round "8.28"]
[Result "1-0"]
[TimeControl "900+10"]

1. d4 Nf6 2. Nf3 c5 3. e3 g6 4. c4 cxd4 5. exd4 d5 6. cxd5 Bg7 7. Nc3 Nxd5 8. Qb3 Nxc3 9. bxc3 Nc6 10. Be2 O-O 11. O-O Qc7 12. Bg5 Be6 13. Qa3 Rfe8 14. Rfd1 Bd5 15. Rac1 Rac8 16. Be3 Rcd8 17. Nd2 e5 18. Bc4 exd4 19.
cxd4 Qd7 20.
Bxd5 Qxd5 21. Nf3 Bf8 22. Qb2 Na5 23. Qc2 Re6 24. Ne5 Nc6 25. Nd3 Nb4 26. Nxb4 Bxb4 27. Qa4 Bf8 28.
Rc2 Ra6 29.
Qb3 Kg7 30. Qb2 Ba3 31. Qc3 Bd6 32. Qd2 h5 33. h4 Ra4 34. Bg5 Rd7 35. Qe3 Rxa2 36. Rc8 Qe6 37. Qf3 f6 38. Bxf6+ Qxf6 39. Rg8+ Kf7 40. Qd5+ Qe6 41. Rg7+ Kxg7 42. Qxe6 1-0

[Site "Europe Echecs"]

[Event "Championnat d'Europe Rapide"]
[Date "2024.12.08"]
[White "Stojanovski, Dejan"]
[Black "Nevednichy, Vladislav"]
[WhiteElo "2407"]
[BlackElo "2451"]
[Round "8.29"]
[Result "1-0"]
[TimeControl "900+10"]

1. d4 Nf6 2.
Nf3 g6 3.
Nbd2 Bg7 4.
e4 d6 5.
Bb5+ c6 6.
Bd3 O-O 7.
O-O Nbd7 8.
Re1 e5 9. c3 h6 10. Bf1 Qe7 11. a4 Nh7 12. Nc4 Nhf6 13.
dxe5 dxe5 14. b3 Rd8 15. Ba3 c5 16. Qd6 Qxd6 17. Nxd6 Ne8 18. Rad1 Bf8 19. Nc4 Be7 20. Ncxe5 Nxe5 21. Nxe5 Be6 22. Nc4 b6 23. f3 Bf6 24. Bb2 g5 25. Be2 Nc7 26. Kf2 Rxd1 27. Rxd1 b5 28. axb5 Nxb5 29. e5 Bg7 30. g3 Rb8 31. f4 Nc7 32. Ba3 Nb5 33. Bb2 Nc7 34. Na5 f6 35. c4 fxe5 36. Bxe5 Bxe5 37. fxe5 Bf5 38.
Rd6 Rb6 39.
g4 Bc2 40.
Rd8+ 1-0

[Site "Europe Echecs"]

[Event "Championnat d'Europe Rapide"]
[Date "2024.12.08"]
[White "Janik, Igor"]
[Black "Fromm, Marius"]
[WhiteElo "2515"]
[BlackElo "2459"]
[Round "8.30"]
[Result "1-0"]
[TimeControl "900+10"]

1. e4 c5 2.
Nf3 e6 3. g3 Nc6 4. Bg2 Nf6 5. Qe2 d5 6. e5 Nd7 7. d3 Be7 8. O-O b5 9. h4 a5 10. Re1 b4 11. Nbd2 a4 12. Nf1 Ba6 13. Bg5 Bxg5 14.
hxg5 h6 15.
g6 fxg6 16.
Nh4 Nf8 17.
f4 Nd4 18.
Qf2 Qe7 19.
c3 bxc3 20.
bxc3 Nf5 21.
c4 Rd8 22.
Nxf5 gxf5 23. cxd5 exd5 24. Qc2 Bc8 25. Qxa4+ Kf7 26. Ne3 Be6 27. Qc6 d4 28. Nc4 Kg8 29. Nd6 h5 30. Bd5 h4 31. g4 fxg4 32. f5 Bxd5 33. Qxd5+ Kh7 34. Qe4 Kg8 35. Qxg4 Rh6 36. Rab1 h3 37. f6 Qd7 38. e6 h2+ 39. Kh1 Qc6+ 40. Re4 Rxf6 41. Nf5 Rxf5 42.
Qxf5 Re8 43. Qf7+ Kh8 44. Rb2 Nh7 45. Rxh2 Qb5 46. Rxh7+ 1-0

[Site "Europe Echecs"]

[Event "Championnat d'Europe Rapide"]
[Date "2024.12.08"]
[White "Subelj, Jan"]
[Black "Krallis, Christos"]
[WhiteElo "2526"]
[BlackElo "2383"]
[Round "8.31"]
[Result "1-0"]
[TimeControl "900+10"]

1. Nf3 c5 2.
e4 e6 3. d4 cxd4 4. Nxd4 Nf6 5. Nc3 Nc6 6. Nxc6 bxc6 7. e5 Nd5 8. Ne4 Qc7 9. f4 Qb6 10. c4 Ne3 11. Qd3 Nf5 12. Be2 Bb7 13. Bd2 c5 14. Bc3 O-O-O 15.
Ng5 Nh6 16.
Bf3 Be7 17.
Bxb7+ Qxb7 18. O-O-O d5 19. exd6 Bxd6 20. Qe4 Qxe4 21. Nxe4 Bxf4+ 22. Kb1 Nf5 23. Nxc5 Rxd1+ 24. Rxd1 Bxh2 25. Rd7 Nd6 26. Rxa7 Kb8 27. Re7 Nxc4 28.
Rxf7 Rc8 29.
Na6+ Ka8 30.
a4 Rc6 31.
Nb4 Rc7 32.
Rf8+ Kb7 33.
Re8 e5 34.
Nd3 Rf7 35.
Ka2 g5 36.
Kb3 Nd6 37.
Nxe5 Nxe8 38. Nxf7 g4 39. Nh6 g3 40. Be5 Kc6 41. Kc4 Kd7 42. Kd5 Nc7+ 43. Bxc7 Kxc7 44. Nf5 Kb6 45. b4 h5 46. Kc4 Ka6 47. a5 Bg1 48. Nxg3 h4 49. Ne4 1-0

[Site "Europe Echecs"]

[Event "Championnat d'Europe Rapide"]
[Date "2024.12.08"]
[White "Domalchuk-Jonasson, Aleksandr"]
[Black "Muradli, Mahammad"]
[WhiteElo "2377"]
[BlackElo "2588"]
[Round "8.32"]
[Result "0-1"]
[TimeControl "900+10"]

1. d4 Nf6 2.
c4 e6 3. Nc3 Bb4 4. Qc2 d6 5. e4 c5 6. d5 exd5 7. exd5 b5 8. Bg5 O-O 9. O-O-O Bxc3 10.
Qxc3 Nbd7 11. Nf3 Qb6 12. Nd2 Ba6 13. cxb5 Bxb5 14. Bxb5 Qxb5 15.
Rhe1 Nxd5 16. Qc4 Qc6 17. Qe4 N7b6 18. Nc4 Rae8 19. Qg4 Qa4 20. Ne3 Re4 21. Qxe4 Qxe4 22. Nxd5 Qc4+ 23. Nc3 d5 24. Kb1 d4 25. Ne4 h6 26. Be7 Rb8 27. Bd6 Nd5 28. Bxb8 Nb4 0-1

[Site "Europe Echecs"]

[Event "Championnat d'Europe Rapide"]
[Date "2024.12.08"]
[White "Maltsevskaya, Aleksandra"]
[Black "Peyrer, Konstantin"]
[WhiteElo "2368"]
[BlackElo "2440"]
[Round "8.33"]
[Result "0-1"]
[TimeControl "900+10"]

1. e4 e5 2. Nf3 Nc6 3. Bb5 a6 4. Ba4 f5 5. d3 fxe4 6. dxe4 Nf6 7. Nc3 d6 8. Bg5 Be7 9. Bxf6 Bxf6 10. Ne2 Bd7 11. Ng3 O-O 12. h4 Nd4 13. Bxd7 Qxd7 14. c3 Ne6 15. Nf5 Qc6 16. Nd2 Nf4 17. Qf3 Qb5 18. O-O-O g6 19. g3 Nd3+ 20. Kc2 Nc5 21. Nh6+ Kg7 22. Qe3 Qd3+ 23.
Qxd3 Nxd3 24. Kxd3 Kxh6 25. f4 Kg7 26. h5 Rad8 27. Rdf1 d5 28. hxg6 hxg6 29. fxe5 Bxe5 30. Rxf8 Kxf8 31. Nf3 dxe4+ 32. Kxe4 Bxg3 33. Rg1 Re8+ 34. Kd5 Bd6 35. Rxg6 Re2 36. c4 Rxb2 37. a4 b6 38. Nd4 Rd2 39. Ke4 Ke7 40. a5 bxa5 41. c5 Bxc5 42. Nc6+ Kd7 43. Nxa5 Bb6 44. Nc6 a5 45. Kf3 a4 46. Ne5+ Kc8 47. Nc4 Rd3+ 48. Ke2 Rb3 49. Kd2 a3 50. Kc2 a2 51. Nxb6+ Rxb6 52. Rg1 Rb1 0-1

[Site "Europe Echecs"]

[Event "Championnat d'Europe Rapide"]
[Date "2024.12.08"]
[White "Dragicevic, Drazen"]
[Black "Schneider, Ilja"]
[WhiteElo "2332"]
[BlackElo "2414"]
[Round "8.34"]
[Result "0-1"]
[TimeControl "900+10"]

1. Nf3 Nf6 2. g3 b5 3.
Na3 a6 4. c4 b4 5. Nc2 c5 6. a3 bxa3 7. Rxa3 Nc6 8. Bg2 Rb8 9. d4 cxd4 10.
Ncxd4 Nxd4 11. Qxd4 e6 12. c5 Rb5 13. Rc3 Nd5 14. Rc4 Qc7 15. c6 dxc6 16. O-O c5 17. Qd3 Be7 18. Rg4 O-O 19. e4 c4 20. Qd4 e5 21. Rxg7+ Kxg7 22. Nxe5 Bf6 23. f4 Ne7 24. Kh1 Ng6 25. Qe3 Rb3 26. Qe2 Nxe5 27. fxe5 Qxe5 28. Bf4 Qxb2 29. Qh5 Rb5 30. e5 Rxe5 31. Qh6+ Kg8 32. Qxf6 Re2 33. Qg5+ Kh8 34. Bf3 Re6 35. Qc5 Rfe8 36. Bc1 Qb5 37. Qd4+ Qe5 38. Qxc4 Kg8 39. Qb3 Qb5 40. Qd1 Qxf1+ 41. Qxf1 Re1 42. Kg2 Bh3+ 43. Kxh3 Rxf1 0-1

[Site "Europe Echecs"]

[Event "Championnat d'Europe Rapide"]
[Date "2024.12.08"]
[White "Samunenkov, Ihor"]
[Black "Rodriguez Fontecha, Marcos"]
[WhiteElo "2543"]
[BlackElo "2278"]
[Round "8.35"]
[Result "1-0"]
[TimeControl "900+10"]

1. d4 d5 2.
Bf4 Nf6 3.
e3 g6 4. Nf3 Bg7 5. Nbd2 O-O 6. h3 c6 7. Bd3 Nbd7 8. O-O b5 9. a4 b4 10. e4 dxe4 11.
Nxe4 Nd5 12.
Bh2 a5 13.
Qe2 Qb6 14. c4 bxc3 15. bxc3 Ba6 16. Rfb1 Bxd3 17. Qxd3 Qa6 18. Qxa6 Rxa6 19. Rb7 N5f6 20. Nfd2 c5 21. dxc5 Rc6 22.
Nxf6+ Nxf6 23. Nb3 Nd5 24. Re1 Bxc3 25. Rd1 e6 26. Bd6 Rfc8 27. Ra7 Rd8 28. Nxa5 Bxa5 29. Rxa5 Nc3 30. Re1 Rcc8 31. f3 Ra8 32. Rxa8 Rxa8 33.
c6 Rc8 34.
c7 Nxa4 35.
Rb1 1-0

[Site "Europe Echecs"]